 Dungeon Crawl Stone Soup version 0.19.1-1-g22dce08 (webtiles) character file.

578 Gorglomux the Cudgeler (level 7, -4/45 HPs)
             Began as a Gargoyle Fighter on Dec 31, 2016.
             Killed from afar by an orc wizard (8 damage)
             ... with a puff of frost
             ... on level 5 of the Dungeon.
             The game lasted 00:03:42 (2919 turns).

Gorglomux the Cudgeler (Gargoyle Fighter)           Turns: 2919, Time: 00:03:42

Health: -4/45      AC: 13    Str: 19 (21) XL:     7   Next: 35%
Magic:  7/7        EV: 12    Int:  8 (9)  God:
Gold:   213        SH:  9    Dex: 11 (14) Spells: 0 memorised, 6 levels left

rFire  . . .     SeeInvis .     a - +0 flail
rCold  . . .     Gourm    .     b - +0 scale mail
rNeg   + . .     Faith    .     c - +0 shield
rPois  ∞         Spirit   .     t - +0 helmet
rElec  +         Reflect  .     l - +0 cloak
rCorr  .         Harm     .     (no gloves)
MR     .....                    (no boots)
Stlth  +.........               (no amulet)
                                (no ring)
                                (no ring)

@: agile
A: negative energy resistance 1, electricity resistance, unbreathing,
petrification resistance, rot immunity, AC +4
a: no special abilities


You were on level 5 of the Dungeon.
You were not hungry.

You visited 1 branch of the dungeon, and saw 5 of its levels.

You collected 213 gold pieces.

Inventory:

Hand Weapons
 a - a +0 flail (weapon)
Armour
 b - a +0 scale mail (worn)
 c - a +0 shield (worn)
 l - a +0 cloak (worn)
 t - a +0 helmet (worn)
Scrolls
 g - a scroll of noise {unknown}
 j - a scroll of random uselessness {unknown}
 k - 5 scrolls of identify {unknown}
 n - a scroll of magic mapping {unknown}
 o - 2 scrolls of enchant weapon {unknown}
 r - 2 scrolls of immolation {unknown}
 u - a scroll of blinking {unknown}
 w - a scroll of teleportation {unknown}
Potions
 d - a potion of might
 e - 2 potions of agility
 i - a potion of curing {unknown}
 m - a potion of heal wounds {unknown}
 q - a potion of degeneration
 s - a potion of flight {unknown}
 v - a potion of brilliance {unknown}
 x - a potion of cure mutation {unknown}
Comestibles
 f - 4 bread rations
 h - 3 slices of pizza
 p - 2 meat rations


   Skills:
 + Level 5.7 Fighting
 * Level 6.6 Maces & Flails
 - Level 3.2 Armour
 - Level 3.2 Shields


You had 6 spell levels left.
You didn't know any spells.

Dungeon Overview and Level Annotations

Branches:
Dungeon (5/15)
 Temple: D:4-7

Altars:
Fedhas
Kikubaaqudgha


Innate Abilities, Weirdness & Mutations

You are resistant to torment.
Your stone body is resilient. (AC +4)
You are immune to poison.
You resist negative energy. (rN+)
You are resistant to electric shocks. (rElec)
You can survive without breathing.
You are immune to petrification.
You are immune to rotting.


Message History

The orc priest calls down the wrath of Beogh upon you.
Beogh smites you!
The orc wizard hits you but does no damage.
The orc priest calls down the wrath of Beogh upon you.
Beogh smites you!
* * * LOW HITPOINT WARNING * * *
The orc wizard casts a spell at you. The magic dart hits you!
The orc priest mumbles some strange prayers to Beogh against you.
Beogh smites you!
* * * LOW HITPOINT WARNING * * *
The orc wizard looks encouraged for a moment.
It was a potion of agility.
You feel agile all of a sudden.
It was a potion of degeneration.
There was something very wrong with that liquid.
You feel weakened.
You feel dopey.
You feel clumsy.
The orc wizard points at you and mumbles some strange words.
The puff of frost hits you!
You die...

#.......# #...^...# #.......#
#.......#####################
#.......#.....[.............#
#.......#.#################.#
#.......#....#.o.o.o.o...##.#
#######[####.#o#########.##.#
#.# #.#@# #.# #.# #.#.# #.#
#.####.#.# #.# #......#.# #.#
########.# #.# #.# #.# #.#
#.# #.############.#
#..............#


You could see an orc priest and an orc wizard.

Vanquished Creatures
  A phantom (D:4)
  A scorpion (D:4)
  An orc priest (D:3)
  A hound (D:4)
  4 orc wizards
  A centaur skeleton (D:5)
  Terence (D:3)
  3 worker ants (D:4)
  Robin (D:2)
  A howler monkey skeleton (D:4)
  4 adders
  An ooze (D:1)
  A worm (D:3)
  2 leopard geckos
  13 orcs
  6 bats
  4 giant cockroaches
  8 goblins
  8 hobgoblins
  5 jackals
  2 kobolds (D:3)
  A quokka (D:2)
  A ball python (D:2)
  2 frilled lizards
  A jackal skeleton (D:5)
  3 rats
77 creatures vanquished.

Notes
Turn   | Place    | Note
-------+----------+-------------------------------------------
     0 | D:1      | Gorglomux the Gargoyle Fighter began the quest for the Orb.
     0 | D:1      | Reached XP level 1. HP: 14/14 MP: 1/1
    27 | D:1      | Reached XP level 2. HP: 17/19 MP: 2/2
   130 | D:1      | You fall through a shaft!
   271 | D:2      | Noticed Robin
   320 | D:2      | Killed Robin
   320 | D:2      | Reached skill level 3 in Maces & Flails
   320 | D:2      | Reached XP level 3. HP: 10/24 MP: 3/3
   986 | D:3      | Reached XP level 4. HP: 26/29 MP: 4/4
  1037 | D:3      | Found an ancient bone altar of Kikubaaqudgha.
  1136 | D:3      | Reached skill level 4 in Maces & Flails
  1159 | D:3      | Reached XP level 5. HP: 23/34 MP: 5/5
  1232 | D:3      | Noticed Terence
  1252 | D:3      | Killed Terence
  1603 | D:3      | Reached skill level 5 in Maces & Flails
  2130 | D:4      | Reached XP level 6. HP: 39/40 MP: 6/6
  2168 | D:4      | Reached skill level 5 in Fighting
  2357 | D:4      | Noticed a phantom
  2396 | D:4      | Killed a phantom
  2396 | D:4      | Reached skill level 6 in Maces & Flails
  2396 | D:4      | Reached XP level 7. HP: 31/44 MP: 7/7
  2659 | D:4      | Found a blossoming altar of Fedhas.
  2742 | D:5      | Entered Level 5 of the Dungeon
  2919 | D:5      | Killed from afar by an orc wizard

Skill      XL: |  1  2  3  4  5  6 |
---------------+-------------------+-----
Maces & Flails | 3 4 5 6 |  6.6
Fighting       | 4 5 |  5.7
Armour         | |  3.2
Shields        | |  3.2

Action                   |  1- 3 |  4- 6 |  7- 9 || total
-------------------------+-------+-------+-------++-------
Melee: Flail             |   120 |   200 |    43 ||   363
  Use: Potion            |       |       |     2 ||     2
  Eat: Chunk             |       |     5 |     2 ||     7
Armor: Scale mail        |    72 |   112 |    32 ||   216
Dodge: Dodged            |    45 |    42 |    18 ||   105
Block: Shield            |    53 |    87 |    32 ||   172
